 Dungeon Crawl Stone Soup version 0.28-a0-1624-g820543e53a (webtiles) character file.

Game seed: 9916203758775995208

87 sasquatch the Poker (level 4, -2/33 HPs)
             Began as a Demonspawn Gladiator on Jan 23, 2022.
             Was an Initiate of Dithmenos.
             Slain by a gnoll (8 damage)
             ... on level 3 of the Dungeon.
             The game lasted 00:02:36 (1539 turns).

sasquatch the Poker (Demonspawn Gladiator)          Turns: 1539, Time: 00:02:37

Health: -2/33      AC:  7    Str: 17    XL:     4   Next: 28%
Magic:  4/4        EV: 12    Int:  9    God:    Dithmenos [......]
Gold:   114        SH:  0    Dex: 14    Spells: 3/3 levels left

rFire   . . .      SeeInvis .   a - +0 trident
rCold   . . .      Faith    .   (no shield)
rNeg    . . .      Spirit   .   h - +0 ring mail
rPois   .          Reflect  .   c - +0 helmet
rElec   .          Harm     .   (no cloak)
rCorr   .          Rampage  .   o - +0 pair of gloves
Will    .....                   (no boots)
Stlth   +.........              (no amulet)
HPRegen 0.11/turn               (no ring)
MPRegen 0.09/turn               (no ring)

@: no status effects
A: hooves 1, sturdy frame 1, demonic magic 1
a: Renounce Religion


You were on level 3 of the Dungeon.
You worshipped Dithmenos.
Dithmenos was noncommittal.
You visited 1 branch of the dungeon, and saw 3 of its levels.

You collected 114 gold pieces.

Inventory:

Hand Weapons
 a - a +0 trident (weapon)
Missiles
 d - 3 throwing nets
 m - 5 poisoned darts (quivered)
Armour
 c - a +0 helmet (worn)
 h - a +0 ring mail (worn)
 k - a +0 scale mail
 o - a +0 pair of gloves (worn)
Magical Staves
 l - a staff of conjuration
Scrolls
 b - a scroll of fog {unknown}
 e - a scroll of magic mapping {unknown}
 f - 2 scrolls of identify {unknown}
 i - 2 scrolls of immolation {unknown}
Potions
 g - a potion of haste {unknown}
 j - a potion of cancellation {unknown}
 n - a potion of mutation {unknown}
 p - a potion of flight {unknown}


   Skills:
 - Level 2.0 Fighting
 + Level 4.7 Polearms
 - Level 1.7 Throwing
 - Level 2.6 Dodging


You had 3 spell levels left.
You didn't know any spells.
Your spell library was empty.

Dungeon Overview and Level Annotations

Branches:
Dungeon (3/15)

Altars:
Dithmenos


Innate Abilities, Weirdness & Mutations

You have large cloven feet.
Your movements are slightly less encumbered by armour. (ER -2)
Spells you cast may paralyse adjacent enemies.


Message History

There is an open door here.
You see here a rat corpse.
There is an open door here.
You see here a +0 club.
You see here a frilled lizard corpse.
You hit the gnoll.
You kill the gnoll!
Dithmenos accepts your kill.
You are too injured to fight recklessly!
Reach: a) +0 trident
Press: ? - help, Dir - move target, f - gnoll
Aim: a gnoll, wielding a +0 spear (about 36% to evade your +0 trident)
You reach to attack!
You barely miss the gnoll. The gnoll barely misses you.
Reach: a) +0 trident
Press: ? - help, Dir - move target, f/p - gnoll
Aim: a gnoll, wielding a +0 spear (about 36% to evade your +0 trident)
You reach to attack!
You hit the gnoll but do no damage. The gnoll hits you but does no damage.
Reach: a) +0 trident
Press: ? - help, Dir - move target, f/p - gnoll
Aim: a gnoll, wielding a +0 spear (about 36% to evade your +0 trident)
You reach to attack!
You barely miss the gnoll. The gnoll closely misses you.
Reach: a) +0 trident
Press: ? - help, Dir - move target, f/p - gnoll
Aim: a gnoll, wielding a +0 spear (about 36% to evade your +0 trident)
You reach to attack!
You barely miss the gnoll. The gnoll closely misses you.
Reach: a) +0 trident
Press: ? - help, Dir - move target, f/p - gnoll
Aim: a gnoll, wielding a +0 spear (about 36% to evade your +0 trident)
You reach to attack!
You hit the gnoll.
The gnoll is severely wounded.
The gnoll hits you from afar with a +0 spear.
* * * LOW HITPOINT WARNING * * *
Reach: a) +0 trident
Press: ? - help, Dir - move target, f/p - gnoll
Aim: a gnoll, wielding a +0 spear (severely wounded, about 36% to evade your +0 trident)
You reach to attack!
You hit the gnoll.
The gnoll is almost dead.
The gnoll hits you from afar with a +0 spear!
You die...

......g#.♣.#._.#.♣.#
....##.#.♣.#.†.#.♣.#
... ..#.†g......'.#
# #####♣♣♣♣'♣♣♣♣##
#. #..)g...# .##..
#.#####.# ...... #g#
#.# ..... #)# #.#
... #@# #.# #.###
#.#####.#
#...###.......#
#.........^###
#..######### #..#
#..# #########
#..#####..#
#.......#
#.........#
#.####..#


You could see a gnoll.

Vanquished Creatures
  An adder (D:2)
  3 gnolls (D:3)
  An endoplasm (D:1)
  4 goblins
  3 hobgoblins
  11 jackals
  3 kobolds (D:1)
  2 quokkas
  5 ball pythons
  8 bats
  4 frilled lizards
  2 rats
47 creatures vanquished.

Notes
Turn   | Place    | Note
-------+----------+-------------------------------------------
     0 | D:1      | sasquatch the Demonspawn Gladiator began the quest for the
                  | Orb.
     0 | D:1      | Reached XP level 1. HP: 16/16 MP: 1/1
    58 | D:1      | Reached skill level 3 in Polearms
   152 | D:1      | Gained mutation: You have large cloven feet. [demonic
                  | ancestry]
   152 | D:1      | Reached XP level 2. HP: 18/22 MP: 2/2
   607 | D:1      | Gained mutation: Spells you cast may paralyse adjacent
                  | enemies. [demonic ancestry]
   607 | D:1      | Reached XP level 3. HP: 27/27 MP: 3/3
   745 | D:2      | Reached skill level 4 in Polearms
  1472 | D:3      | Found a shadowy altar of Dithmenos.
  1492 | D:3      | Became a worshipper of Dithmenos the Shadowed
  1504 | D:3      | Gained mutation: Your movements are slightly less
                  | encumbered by armour. (ER -2) [demonic ancestry]
  1504 | D:3      | Reached XP level 4. HP: 33/33 MP: 4/4
  1539 | D:3      | Slain by a gnoll

Illustrated notes

Levels and vault maps discovered:
D:1:      dpeg_arrival_tiny_a, layout_rooms
D:2:      layout_rooms, hex_intersection, minivault_24
D:3:      layout_loops_cross, mainiacjoe_overflow_six_doors_small, serial_shops,
          nicolae_square_shop

Skill      XL: |  1  2  3 |
---------------+----------+-----
Polearms       | 3 4 |  4.7
Fighting       | |  2.0
Throwing       | |  1.7
Dodging        | |  2.6

Action                   |  1- 3 |  4- 6 || total
-------------------------+-------+-------++-------
Melee: Trident           |   116 |    21 ||   137
       Kick              |    12 |     3 ||    15
       Punch             |     3 |       ||     3
Armor: Leather armour    |     9 |       ||     9
       Ring mail         |    37 |     7 ||    44
Dodge: Dodged            |    80 |     9 ||    89

Table legend: (Time is in decaauts)
 A = Elapsed time spent in this place.
 B = Non-inter-level travel time spent in this place.
 C = Inter-level travel time spent in this place.
 D = Time resting spent in this place.
 E = Time spent auto-exploring this place.
 F = Levels seen in this place.
 G = Mean time per level.
                   A        B        C        D        E       F      G
               +--------+--------+--------+--------+--------+-----+--------+
         Total |   1553 |   1538 |     15 |      0 |   1235 |   3 |  517.7 |
       Dungeon |   1553 |   1538 |     15 |      0 |   1235 |   3 |  517.7 |
               +--------+--------+--------+--------+--------+-----+--------+

Top non-repeatable levels by time:
     D:1: 739 daAuts
     D:2: 578 daAuts
     D:3: 235 daAuts
